 Dungeon Crawl Stone Soup version 0.30-a0-743-gbfdf073431 (webtiles) character file.

Game seed: 11534325504627446787

10562 vineage the Basher (level 11, -4/71 HPs)
             Began as a Gargoyle Fighter on Feb 6, 2023.
             Was a High Priest of Okawaru.
             Slain by a death yak (12 damage)
             ... on level 9 of the Dungeon.
             The game lasted 00:10:13 (10646 turns).

vineage the Basher (Gargoyle Fighter)              Turns: 10646, Time: 00:10:14

Health: -4/71      AC: 27    Str: 21    XL:     11   Next: 64%
Magic:  22/24      EV:  8    Int: 16    God:    Okawaru [*****.]
Gold:   558        SH:  7    Dex: 11    Spells: 10/10 levels left

rFire   . . .      SeeInvis .    z - +0 eveningstar
rCold   . . .      Faith    .    c - +0 buckler
rNeg    + . .      Spirit   .    C - +0 plate armour
rPois   ∞          Reflect  .    (no helmet)
rElec   +          Harm     .    t - scarf {+Inv}
rCorr   .          Rampage  .    (no gloves)
Will    .....                    p - +1 pair of boots Stlth
                                 (no amulet)
HPRegen 0.31/turn                j - +6 ring of intelligence
MPRegen 0.19/turn                B - ring of magical power

@: about to teleport, heroic
A: sickness immunity, AC +8, negative energy resistance 1, electricity
resistance, torment resistance 1, petrification resistance
a: Renounce Religion, Evoke Invisibility, Heroism, Finesse, Duel


You were on level 9 of the Dungeon.
You worshipped Okawaru.
Okawaru was extremely pleased with you.
You visited 2 branches of the dungeon, and saw 10 of its levels.

You collected 558 gold pieces.

Inventory:

Hand Weapons
 a - a +1 flail
 w - a +4 flail
 z - a +0 eveningstar (weapon)
Missiles
 d - 2 throwing nets (quivered)
Armour
 b - a +0 scale mail
 c - a +0 buckler (worn)
 l - a +0 chain mail
 p - a +1 pair of boots (worn)
 t - a scarf of invisibility (worn)
 C - a +0 plate armour (worn)
Jewellery
 j - a +6 ring of intelligence (left hand)
 B - a ring of magical power (right hand)
 D - an amulet of regeneration
Wands
 e - a wand of mindburst (21)
 n - a wand of paralysis (22)
 s - a wand of flame (30)
 v - a wand of light (8)
Scrolls
 i - 3 scrolls of teleportation
 y - a scroll of fear
 A - a scroll of noise
Potions
 f - 2 potions of lignification
 g - a potion of mutation
 h - a potion of invisibility {unknown}
 k - 3 potions of flight {unknown}
 m - 3 potions of heal wounds {unknown}
 o - 2 potions of brilliance {unknown}
 q - a potion of ambrosia {unknown}
 r - a potion of cancellation {unknown}
 u - 3 potions of resistance {unknown}
 x - a potion of haste {unknown}


   Skills:
 + Level 9.1(14.1) Fighting
 * Level 11.2(16.2) Maces & Flails
 + Level 9.1(14.1) Armour
 + Level 9.1(14.1) Shields
 - Level 5.7 Invocations


You had 10 spell levels left.
You didn't know any spells.
Your spell library contained the following spells:

 Spells                   Type           Power      Damage    Failure   Level
 Apportation              Tloc           0%         N/A       97%         1
 Freeze                   Ice            0%         1d3       97%         1
 Necrotise                Necr           0%         1d4       97%         1
 Blink                    Tloc           0%         N/A       99%         2
 Lesser Beckoning         Tloc           0%         N/A       99%         2
 Momentum Strike          Conj/Tloc      0%         3d8       99%         2
 Frozen Ramparts          Ice            0%         1d1       100%        3
 Hailstorm                Conj/Ice       0%         3d3       100%        3
 Ozocubu's Armour         Ice            0%         N/A       100%        3
 Portal Projectile        Hex/Tloc       0%         N/A       100%        3
 Blade Hands              Tmut           0%         N/A       100%        5
 Ozocubu's Refrigeration  Ice            0%         4d7       100%        7
 Summon Small Mammal      Summ           Unusable   N/A       N/A         1
 Tukima's Dance           Hex            Unusable   N/A       N/A         3

Dungeon Overview and Level Annotations

Branches:
Dungeon (9/15)             Temple (1/1) D:4
   Lair: D:8-11         Orc: D:9-12

Altars:
Ashenzari
Cheibriados
Dithmenos
Elyvilon
Fedhas
Gozag
Kikubaaqudgha
Makhleb
Nemelex Xobeh
Okawaru
Qazlal
Ru
Sif Muna
Trog
Uskayaw
Vehumet
Wu Jian
Xom
Yredelemnul
Zin


Innate Abilities, Weirdness & Mutations

You are immune to sickness and miasma.
Your stone body is resilient. (AC +8)
You are immune to poison.
You resist negative energy. (rN+)
You are resistant to electric shocks. (rElec)
You are resistant to unholy torment.
You are immune to petrification.


Message History

You bludgeon the yak!!
You kill the yak!
Okawaru accepts your kill. The yak gores you but does no damage.
The death yak gores you!
You sock the death yak!
The death yak is lightly wounded.
The yak gores you. You block the death yak's attack.
You impale the death yak!!
The death yak is heavily wounded.
The yak gores you but does no damage.
The death yak gores you but does no damage.
The yak gores you but does no damage.
You hit the death yak but do no damage.
The death yak is heavily wounded.
You block the yak's attack.
The death yak gores you but does no damage.
You puncture the death yak!
The death yak is heavily wounded.
The yak gores you but does no damage. The death yak barely misses you.
You hit the death yak but do no damage.
The death yak is heavily wounded.
The death yak gores you but does no damage.
You hit the death yak.
The death yak is severely wounded.
You block the yak's attack. The death yak gores you!
You hit the death yak.
The death yak is severely wounded.
The death yak gores you! You block the yak's attack. The death yak gores you!
You are too injured to fight recklessly!
You gain the combat prowess of a mighty hero.
The death yak gores you!
* * * LOW HITPOINT WARNING * * *
The yak gores you.
* * * LOW HITPOINT WARNING * * *
The death yak gores you but does no damage.
The yak attacks as you move away! You block the yak's attack.
The death yak barely misses you.
As you read the scroll of teleportation, it crumbles to dust.
You feel strangely unstable. The death yak gores you!
You die...

........................
........................
...b...............#####
♣P.~~....#######...#
..P~~.... #...# ♣♣.....!
#######[..# P♣♣...
..........##### .P♣.
............... ....♣
#####..@####.## ..♣.♣
#.YY# .. P♣♣ P.
......YY# . ♣♣ ..
........Y . . ..#######Y
♣. . Y. ### .. ######
... ...... ...


You could see 2 death yaks and 3 yaks.

Vanquished Creatures
  A two-headed ogre (D:9)
  A death yak (D:8)
  The ghost of conein the Covert, a novice OpVM of Hepliaklqana (D:8)
  Pikel (D:7)
  2 cyclopes
  An unseen horror (D:8)
  The ghost of DEFE the Cruncher, a novice DsWn (D:5)
  3 hornets
  Prince Ribbit (D:7)
  2 yaks (D:9)
  4 wyverns
  Menkaure (D:4)
  2 steam dragons
  Edmund (D:6)
  2 floating eyes (D:9)
  A sky beast (D:7)
  2 black bears
  3 orc warriors
  3 ice beasts
  4 ogres
  8 centaurs
  A lemure (D:7)
  3 phantoms
  3 kobold brigands
  3 bullfrogs
  Blork the orc (D:6)
  2 gnoll sergeants
  3 scorpions (D:5)
  6 wights
  A wyvern skeleton (D:5)
  15 killer bees
  4 howler monkeys
  A bullfrog zombie (D:5)
  3 hounds
  An orc priest (D:8)
  2 jellies
  2 gnoll boudas
  3 iguanas
  Ijyb (D:4)
  5 orc wizards
  3 hell rats (D:8)
  A statue (D:6)
  12 gnolls
  2 river rats (D:8)
  8 adders
  2 ufetubi
  2 worms
  4 dart slugs
  30 orcs
  10 ball pythons
  2 bats (D:1)
  9 endoplasms
  4 giant cockroaches
  9 goblins
  7 hobgoblins
  A jackal (D:3)
  20 kobolds
  5 quokkas
  2 frilled lizards
  4 rats
242 creatures vanquished.

Vanquished Creatures (others)
  An orc (D:7)
1 creature vanquished.

Grand Total: 243 creatures vanquished

Notes
Turn   | Place    | Note
-------+----------+-------------------------------------------
     0 | D:1      | vineage the Gargoyle Fighter began the quest for the Orb.
     0 | D:1      | Reached XP level 1. HP: 14/14 MP: 1/1
    80 | D:1      | Reached XP level 2. HP: 11/19 MP: 2/2
   416 | D:1      | Reached XP level 3. HP: 23/23 MP: 3/3
  1004 | D:2      | Reached skill level 3 in Maces & Flails
  1004 | D:2      | Reached XP level 4. HP: 29/29 MP: 4/4
  1499 | D:3      | Identified the +4 robe of Resourcefulness {Rampage *Slow
                  | rPois MP-9 Str+3}
  1713 | D:3      | Noticed a phantom
  1722 | D:3      | Killed a phantom
  1723 | D:3      | Reached XP level 5. HP: 33/33 MP: 5/5
  1961 | D:3      | Reached skill level 4 in Maces & Flails
  2420 | D:4      | Reached XP level 6. HP: 35/39 MP: 6/6
  2435 | D:4      | Noticed Menkaure
  2447 | D:4      | Killed Menkaure
  2684 | D:4      | Found a staircase to the Ecumenical Temple.
  2692 | D:4      | Noticed Ijyb
  2696 | D:4      | Reached XP level 7. HP: 44/44 MP: 7/7
  2707 | D:4      | Killed Ijyb
  2710 | Temple   | Entered the Ecumenical Temple
  3451 | D:5      | Entered Level 5 of the Dungeon
  3458 | D:5      | Reached skill level 5 in Maces & Flails
  3462 | D:5      | Reached skill level 5 in Fighting
  3607 | D:5      | Reached skill level 5 in Armour
  3607 | D:5      | Reached skill level 5 in Shields
  3906 | D:5      | Reached XP level 8. HP: 32/50 MP: 8/8
  3987 | D:5      | Found an iron altar of Okawaru.
  4035 | D:5      | Became a worshipper of Warmaster Okawaru
  4100 | D:5      | Found an ornate altar of the Wu Jian Council.
  4171 | D:5      | Found a shimmering blue altar of Sif Muna.
  4182 | D:5      | Reached skill level 6 in Maces & Flails
  4320 | D:5      | Found a runed translucent gate.
  4334 | D:5      | Found a runed translucent gate.
  4334 | D:5      | Found a runed translucent gate.
  4338 | D:5      | Noticed DEFE's ghost (novice DsWn)
  4778 | D:5      | Killed DEFE's ghost
  4779 | D:5      | Reached skill level 7 in Maces & Flails
  4779 | D:5      | Reached * piety under Okawaru
  4979 | D:6      | Reached XP level 9. HP: 56/56 MP: 9/9
  5430 | D:6      | Noticed Blork the orc
  5438 | D:6      | Killed Blork the orc
  5485 | D:6      | Found a radiant altar of Vehumet.
  5602 | D:6      | Reached skill level 1 in Invocations
  5816 | D:6      | Noticed Edmund
  5831 | D:6      | Killed Edmund
  6110 | D:6      | Reached skill level 8 in Maces & Flails
  6421 | D:7      | Noticed a hornet
  6441 | D:6      | Killed a hornet
  6530 | D:7      | Reached ** piety under Okawaru
  6610 | D:7      | Noticed Pikel
  6643 | D:7      | Killed Pikel
  6726 | D:7      | Reached XP level 10. HP: 63/63 MP: 12/12
  6737 | D:7      | Found a sacrificial altar of Ru.
  6837 | D:7      | Reached skill level 9 in Maces & Flails
  6856 | D:7      | HP: 1/63 [bullfrog (5)]
  7150 | D:7      | Noticed Prince Ribbit
  7168 | D:7      | Killed Prince Ribbit
  7574 | D:7      | Reached *** piety under Okawaru
  7755 | D:8      | Noticed a cyclops
  7763 | D:8      | Killed a cyclops
  8075 | D:8      | Noticed conein's ghost (novice OpVM)
  8159 | D:8      | Found a runed translucent gate.
  8159 | D:8      | Found a runed translucent gate.
  8161 | D:8      | Found a runed translucent gate.
  8232 | D:8      | Found a stormy altar of Qazlal.
  8374 | D:8      | Found a hide-covered altar of Uskayaw.
  9021 | D:8      | Found a sparkling altar of Nemelex Xobeh.
  9103 | D:8      | Killed conein's ghost
  9103 | D:8      | Reached **** piety under Okawaru
  9119 | D:8      | Killed an unseen horror
  9120 | D:8      | Reached skill level 10 in Maces & Flails
  9218 | D:9      | Noticed a death yak
  9219 | D:9      | Noticed a cyclops
  9250 | D:8      | Reached skill level 5 in Invocations
  9301 | D:8      | Killed a death yak
  9302 | D:8      | Reached XP level 11. HP: 59/69 MP: 12/14
  9309 | D:8      | Reached ***** piety under Okawaru
  9971 | D:9      | Killed a cyclops
  9988 | D:9      | Paralysed by a floating eye for 4 turns
 10114 | D:9      | Paralysed by a floating eye for 4 turns
 10266 | D:9      | Found a white marble altar of Elyvilon.
 10308 | D:9      | Reached skill level 11 in Maces & Flails
 10339 | D:9      | Noticed a two-headed ogre
 10350 | D:9      | Killed a two-headed ogre
 10629 | D:9      | Noticed a death yak
 10630 | D:9      | Noticed a death yak
 10646 | D:9      | Slain by a death yak

Illustrated notes

Levels and vault maps discovered:
D:1:      noname_arrival_rooms_in_the_neighbourhood, layout_loops_ring,
          minmay_pentomino_w4
D:2:      layout_rooms, nicolae_underground_beach
D:3:      minmay_razor_zed, layout_rooms, corexii_corridor_pit
D:4:      layout_loops_ring, minmay_temple_entry_large_hall, uniq_ijyb,
          uniq_menkaure
D:5:      layout_loops_corners, mainiacjoe_overflow_catwalk_spiral,
          mainiacjoe_overflow_alcove_4, gammafunk_ghost_necromancy
D:6:      black_bear_nest_1, layout_gridville, vehumet_statue,
          uniq_blork_the_orc, uniq_edmund
D:7:      layout_loops_ring, nicolae_ru_sacrificial_ziggurat,
          uniq_prince_ribbit1, uniq_pikel
D:8:      layout_loops_cross, nicolae_uskayaw_dance_hall,
          nemelex_diamond_rough_becter, marbit_many_paths, gammafunk_ghost_split
D:9:      layout_long_grid, lemuel_round_altar, nicolae_elyvilon_peaceful_grove,
          dpeg_lair_monsters, onia_ninara_cookie
Temple:   chequers_temple_sunken

Skill      XL: |  1  2  3  4  5  6  7  8  9 10 11 |
---------------+----------------------------------+-----
Maces & Flails | 3 4 5 7 8 10 11 | 11.2
Fighting       | 4 5 6 7 8 9 |  9.1
Armour         | 4 5 6 7 8 9 |  9.1
Shields        | 4 5 6 7 8 9 |  9.1
Invocations    | 3 5 |  5.7

Action                     |  1- 3 |  4- 6 |  7- 9 | 10-12 || total
---------------------------+-------+-------+-------+-------++-------
  Melee: Flail             |   103 |   179 |   219 |       ||   501
         Eveningstar       |       |       |    98 |   390 ||   488
 Invoke: Heroism           |       |       |     3 |     7 ||    10
    Use: Scroll            |     3 |     5 |     7 |     3 ||    18
         Potion            |       |     2 |     3 |     1 ||     6
 Armour: Scale mail        |    58 |       |       |       ||    58
         Chain mail        |       |   118 |   182 |   270 ||   570
         Plate armour      |       |       |       |   137 ||   137
  Dodge: Dodged            |    37 |    75 |    91 |   226 ||   429
  Block: Buckler           |    25 |    52 |    84 |   200 ||   361

Table legend: (Time is in decaauts)
 A = Elapsed time spent in this place.
 B = Non-inter-level travel time spent in this place.
 C = Inter-level travel time spent in this place.
 D = Time resting spent in this place.
 E = Time spent auto-exploring this place.
 F = Levels seen in this place.
 G = Mean time per level.
                   A        B        C        D        E       F      G
               +--------+--------+--------+--------+--------+-----+--------+
         Total |  10820 |  10495 |    325 |   2160 |   6465 |  10 | 1082.0 |
       Dungeon |  10531 |  10222 |    309 |   2160 |   6200 |   9 | 1170.1 |
        Temple |    288 |    272 |     16 |      0 |    264 |   1 |  288.0 |
               +--------+--------+--------+--------+--------+-----+--------+

Top non-repeatable levels by time:
     D:8: 2345 daAuts
     D:6: 1586 daAuts
     D:5: 1516 daAuts
     D:7: 1169 daAuts
     D:3: 1017 daAuts
     D:4: 910 daAuts
     D:1: 714 daAuts
     D:2: 664 daAuts
     D:9: 606 daAuts
  Temple: 288 daAuts
